 Dungeon Crawl Stone Soup version 0.25-a0-737-g26c3a87c45 (webtiles) character file.

Game seed: 12373679921809094005, levelgen mode: deterministic

448 Maedhros the Sneak (level 7, 0/43 HPs)
             Began as an Octopode Artificer on Apr 12, 2020.
             Was an Initiate of Cheibriados.
             Slain by an ooze (5 damage)
             ... on level 3 of the Dungeon.
             The game lasted 00:05:26 (1285 turns).

Maedhros the Sneak (Octopode Artificer)             Turns: 1285, Time: 00:05:27

Health: 0/43       AC:  1    Str: 12    XL:     7   Next: 4%
Magic:  9/9        EV: 17    Int: 15    God:    Cheibriados [......]
Gold:   143        SH:  0    Dex: 15    Spells: 6/6 levels left

rFire    . . .     SeeInvis .   a - +0 short sword
rCold    . . .     Gourm    .   (no shield)
rNeg     . . .     Faith    .   (helmet restricted)
rPois    .         Spirit   .   (no amulet)
rElec    .         Reflect  .   q - +4 ring of evasion
rCorr    .         Harm     .   (no ring)
MR       .....                  (no ring)
Stlth    +++++.....             (no ring)
HPRegen  0.14/turn              (no ring)
MPRegen  0.11/turn              (no ring)
                                (no ring)
                                (no ring)

@: flying, very slow
A: almost no armour, stealthy swim, amphibious, 8 rings, constrict 8, camouflage
1, gelatinous body 1
a: Bend Time, Renounce Religion


You were on level 3 of the Dungeon.
You worshipped Cheibriados.
Cheibriados was noncommittal.
You were hungry.

You visited 1 branch of the dungeon, and saw 4 of its levels.

You collected 143 gold pieces.

Inventory:

Hand Weapons
 a - a +0 short sword (weapon)
Jewellery
 q - a +4 ring of evasion (left tentacle)
Wands
 b - a wand of flame (11)
 c - a wand of enslavement (7)
 d - a wand of random effects (14)
 u - a wand of digging (3)
Scrolls
 g - a scroll of remove curse {unknown}
 h - 5 scrolls of identify {unknown}
 j - a scroll of amnesia {unknown}
 k - a scroll of fear {unknown}
 l - 4 scrolls of teleportation {unknown}
 n - a scroll of magic mapping {unknown}
 o - a scroll of enchant armour {unknown}
 p - a scroll of fog {unknown}
 r - a scroll of noise {unknown}
 s - a scroll of enchant weapon {unknown}
Potions
 e - a potion of berserk rage {unknown}
 i - a potion of flight
 t - a potion of might
Comestibles
 f - 7 rations


   Skills:
 - Level 1.0 Fighting
 - Level 1.0 Short Blades
 - Level 2.0 Dodging
 + Level 7.2 Stealth
 + Level 4.8 Unarmed Combat
 - Level 3.2 Evocations


You had 6 spell levels left.
You didn't know any spells.
Your spell library was empty.

Dungeon Overview and Level Annotations

Branches:
Dungeon (4/15)
 Temple: D:4-7

Altars:
Cheibriados
Elyvilon
Hepliaklqana
Nemelex Xobeh
Uskayaw
Wu Jian
The Shining One

Annotations:
D:2 1 runed translucent door, Crazy Yiuf
D:3 Grinder


Innate Abilities, Weirdness & Mutations

You cannot wear most types of armour.
You are very stealthy in the water. (Stealth+)
You are amphibious.
You can wear up to eight rings at the same time.
You can use your tentacles to constrict eight enemies at once.
Your skin changes colour to match your surroundings (Stealth+).
Your rubbery body absorbs attacks. (AC +1, EV +1)


Message History

Aiming: Enslavement
Press: ? - help, Shift-Dir - straight line, f - Grinder
Aim: Grinder, carrying a wand of flame (19) (chance to defeat MR: 55%) Grinder resists with significant effort.
The orc hits your worm with a +0 club. The ooze closely misses you.
Your worm bites the ooze.
Evoke which item? (* to show all) (? for menu, Esc to quit)
Aiming: Enslavement
Press: ? - help, Shift-Dir - straight line, f/p - Grinder
Aim: Grinder, carrying a wand of flame (19) (chance to defeat MR: 55%) Grinder resists with significant effort.
The orc hits your worm but does no damage.
The ooze misses you.
Evoke which item? (* to show all) (? for menu, Esc to quit)
Aiming: Enslavement
Press: ? - help, Shift-Dir - straight line, f/p - Grinder
Aim: Grinder, carrying a wand of flame (19) (chance to defeat MR: 55%) Grinder resists with significant effort.
Grinder zaps a wand.
The puff of flame misses you. The ooze hits you.
You die...

## ####.#######
##########
#.....[....####.........
#......†......#......###
#..........#.##<........
##########.#.##...###+##
###########.#.##...# #.#
......oJ@......#...# #.#
#####.)w5.#.#......+ ._.
..................# ###
#.........#.#......# ###
#.........#.#......######
#.....#####.#............
#..... #.#.......#.###
#..... #.####.##...#
#.......###


You could see Grinder, an ooze, an orc and a friendly worm.

Vanquished Creatures
  Sigmund (D:2)
  A scorpion (D:4)
  An orc priest (D:3)
  Ijyb (D:3)
  Terence (D:3)
  Natasha (D:2)
  7 adders
  2 worms (D:3)
  2 dart slugs
  2 leopard geckos
  2 orcs (D:3)
  A bat (D:2)
  3 giant cockroaches
  5 goblins
  2 hobgoblins
  2 ball pythons (D:2)
  2 frilled lizards (D:2)
  5 kobolds
  2 rats (D:1)
43 creatures vanquished.

Vanquished Creatures (collateral kills)
  A worker ant (D:4)
1 creature vanquished.

Vanquished Creatures (others)
  An orc priest (D:3)
  4 toadstools (D:1)
5 creatures vanquished.

Grand Total: 49 creatures vanquished

Notes
Turn   | Place    | Note
-------+----------+-------------------------------------------
     0 | D:1      | Maedhros the Octopode Artificer began the quest for the
                  | Orb.
     0 | D:1      | Reached XP level 1. HP: 13/13 MP: 3/3
    87 | D:2      | Reached skill level 2 in Stealth
    87 | D:2      | Reached skill level 1 in Unarmed Combat
    87 | D:2      | Reached XP level 2. HP: 18/18 MP: 4/4
   159 | D:2      | Reached skill level 3 in Stealth
   159 | D:2      | Reached XP level 3. HP: 23/23 MP: 5/5
   159 | D:2      | Noticed Sigmund
   175 | D:2      | Killed Sigmund
   175 | D:2      | Reached skill level 5 in Stealth
   175 | D:2      | Reached XP level 4. HP: 3/28 MP: 6/6
   175 | D:2      | Reached XP level 5. HP: 4/33 MP: 7/7
   409 | D:2      | Noticed Natasha
   417 | D:2      | Killed Natasha
   461 | D:3      | Reached XP level 6. HP: 38/38 MP: 8/8
   475 | D:3      | Found a sparkling altar of Nemelex Xobeh.
   487 | D:3      | Reached skill level 6 in Stealth
   510 | D:4      | Found a hazy altar of Hepliaklqana.
   531 | D:4      | Found a white marble altar of Elyvilon.
   532 | D:4      | Found a hide-covered altar of Uskayaw.
   544 | D:4      | Found a glowing golden altar of the Shining One.
   546 | D:4      | Found an ornate altar of the Wu Jian Council.
   732 | D:4      | Found a snail-covered altar of Cheibriados.
   751 | D:4      | Became a worshipper of Cheibriados the Contemplative
  1105 | D:2      | Found a runed translucent door.
  1106 | D:2      | Noticed Crazy Yiuf
  1161 | D:3      | Noticed Terence
  1168 | D:3      | Noticed Ijyb
  1182 | D:3      | Killed Ijyb
  1265 | D:3      | Killed Terence
  1265 | D:3      | Reached skill level 7 in Stealth
  1275 | D:3      | Noticed Grinder
  1279 | D:3      | Reached XP level 7. HP: 10/43 MP: 9/9
  1285 | D:3      | Slain by an ooze

Levels and vault maps discovered:
D:1:      ldierk_walled_garden_2, layout_basic
D:2:      layout_basic, guppyfry_early_lair_pool, uniq_crazy_yiuf_cottage,
          uniq_sigmund, uniq_natasha
D:3:      layout_basic, lemuel_doored_altar, chequers_ecumenical_altar_grove,
          uniq_ijyb, uniq_grinder, uniq_terence
D:4:      layout_rooms, kennysheep_little_box, lemuel_round_altar,
          grunt_temple_overflow_open

Skill      XL: |  1  2  3  4  5  6 |
---------------+-------------------+-----
Stealth        | 2 3 5 7 |  7.2
Unarmed Combat | 1 3 4 |  4.8
Fighting       | |  1.0
Short Blades   | |  1.0
Dodging        | |  2.0
Evocations     | |  3.2

Action                   |  1- 3 |  4- 6 |  7- 9 || total
-------------------------+-------+-------+-------++-------
Melee: Short sword       |    21 |    90 |       ||   111
       Constrict         |     8 |    20 |       ||    28
       Tentacles         |     7 |    18 |       ||    25
       Punch             |       |     3 |       ||     3
Evoke: Wand              |     4 |     4 |     5 ||    13
  Use: Potion            |     2 |     3 |       ||     5
 Stab: Sleeping          |     1 |     4 |       ||     5
       Confused          |     1 |       |       ||     1
       Betrayed ally     |       |     1 |       ||     1
  Eat: Chunk             |       |     1 |       ||     1
Armor: Skin              |     2 |     1 |       ||     3
Dodge: Dodged            |    17 |    69 |     5 ||    91

Table legend:
 A = Non-vault XP
 B = Vault XP
 C = Vault XP percentage of total XP
 D = Non-vault monster count
 E = Vault monster count
 F = Vault count percentage of total count
                 A         B        C        D         E       F
            +---------+---------+-------+---------+---------+-------
      Total |     311 |     330 |  51.5 |      40 |       4 |   9.1
            +---------+---------+-------+---------+---------+-------
        D:1 |      12 |       0 |   0.0 |       7 |       0 |   0.0
        D:2 |      73 |     258 |  77.9 |      15 |       2 |  11.8
        D:3 |      90 |      72 |  44.4 |      14 |       2 |  12.5
        D:4 |     136 |       0 |   0.0 |       4 |       0 |   0.0
            +---------+---------+-------+---------+---------+-------
